[Event "ICC tourney 2966 (30 10)"]
[Site "Internet Chess Club"]
[Date "2022.07.23"]
[Round "1"]
[White "Bharathy Mohan, Aarav Sai:aaravbm"]
[Black "MALAKAR, SAARTHAK:iamvoltu"]
[Result "0-1"]
[ICCResult "White checkmated"]
[WhiteElo "1169"]
[BlackElo "1631"]
[Opening "Queen's pawn"]
[ECO "A40"]
[NIC "QO.17"]
[Time "12:00:24"]
[PlyCount "70"]
[TimeControl "1800+10"]

1. d4 c6 2. Bf4 d5 3. e3 Bf5 4. c4 e6 5. cxd5 cxd5 6. Bb5+ Nc6 7. Nf3 Bxb1
8. Rxb1 Qa5+ 9. Nd2 Qxb5 10. a4 Qb6 11. b3 Nf6 12. O-O Be7 13. Nf3 O-O 14.
Ng5 h6 15. Nf3 Rac8 16. Qd3 Ne4 17. Ne5 Nxe5 18. Bxe5 Rc3 19. Qe2 Rxb3 20.
Qg4 Nf6 21. Bxf6 Bxf6 22. Rxb3 Qxb3 23. h4 Qxa4 24. Qh5 Kh7 25. g4 g6 26.
Qxh6+ Kxh6 27. g5+ Bxg5 28. hxg5+ Kxg5 29. Kh2 Rh8+ 30. Kg3 Qc2 31. f4+ Kf6
32. e4 Rh2 33. e5+ Kf5 34. Kf3 Qg2+ 35. Ke3 Qe2# {White checkmated} 0-1

[Event "ICC tourney 2966 (30 10)"]
[Site "Internet Chess Club"]
[Date "2022.07.23"]
[Round "1"]
[White "SULTAN, BASHIR Cisse:muzikmixer"]
[Black "HUANG, BRIAN:Checkmater2228"]
[Result "1-0"]
[ICCResult "Black checkmated"]
[WhiteElo "1545"]
[BlackElo "803"]
[Opening "English, Kramnik-Shirov counterattack"]
[ECO "A21"]
[NIC "EO.23"]
[Time "12:00:12"]
[PlyCount "91"]
[TimeControl "1800+10"]

1. c4 e5 2. Nc3 Bb4 3. Qc2 Bxc3 4. Qxc3 Nc6 5. Nf3 d6 6. d4 e4 7. d5 exf3 8.
Qxg7 Qf6 9. Qxf6 Nxf6 10. dxc6 bxc6 11. exf3 c5 12. Bh6 Rg8 13. O-O-O Be6
14. h4 O-O-O 15. Bg5 Rg6 16. Bd3 h6 17. Bxg6 hxg5 18. hxg5 fxg6 19. gxf6
Bxc4 20. b3 Ba6 21. f7 Rf8 22. Rh7 Kd7 23. Re1 Bb5 24. Re8 Rxe8 25. f8=Q+
Ke6 26. Qf7+ Ke5 27. Qxe8+ Bxe8 28. Re7+ Kf6 29. Rxe8 Kf7 30. Ra8 Ke7 31.
Rxa7 Kd7 32. Ra8 g5 33. Rg8 g4 34. Rxg4 c6 35. a4 Kc7 36. a5 Kb7 37. Rg8 Ka6
38. Ra8+ Kb5 39. Kb2 c4 40. bxc4+ Kxc4 41. Rb8 d5 42. a6 d4 43. a7 d3 44.
a8=Q d2 45. Qxc6+ Kd3 46. Qe4# {Black checkmated} 1-0

[Event "ICC tourney 2966 (30 10)"]
[Site "Internet Chess Club"]
[Date "2022.07.23"]
[Round "1"]
[White "ZHANG, ARI:brass60Six"]
[Black "GUTIERREZ, AUGUSTO E:elytito2017"]
[Result "0-1"]
[ICCResult "White resigns"]
[WhiteElo "1289"]
[BlackElo "1715"]
[Opening "Dutch with c4 & Nc3"]
[ECO "A85"]
[NIC "HD.05"]
[Time "12:00:12"]
[PlyCount "64"]
[TimeControl "1800+10"]

1. d4 f5 2. c4 Nf6 3. Nc3 e6 4. a3 Be7 5. Nf3 b6 6. e3 Bb7 7. Bd2 O-O 8. Be2
d6 9. Qb3 Ne4 10. Nxe4 fxe4 11. Ng1 c5 12. Bg4 e5 13. Be6+ Kh8 14. d5 Nd7
15. Nh3 h6 16. Qc2 Nf6 17. Bf5 Bc8 18. Bxe4 Nxe4 19. Qxe4 Bf5 20. Qf3 Bd3
21. Qg4 Bh4 22. Rd1 Bf5 23. Qe2 Bxh3 24. gxh3 Rxf2 25. Qxf2 Bxf2+ 26. Kxf2
Qh4+ 27. Kg2 Qe4+ 28. Kg3 Qxc4 29. Bc3 Rf8 30. Rhg1 Qe2 31. Rde1 Qf3+ 32.
Kh4 g5+ {White resigns} 0-1

[Event "ICC tourney 2966 (30 10)"]
[Site "Internet Chess Club"]
[Date "2022.07.23"]
[Round "1"]
[White "Anh, Phuc:Phucanhfananime"]
[Black "ZHAO, DANSON:K01-30127679"]
[Result "1/2-1/2"]
[ICCResult "Game drawn by mutual agreement"]
[WhiteElo "1712"]
[BlackElo "1273"]
[Opening "Queen's pawn, Mason variation"]
[ECO "D00"]
[NIC "QP.08"]
[Time "12:01:05"]
[PlyCount "52"]
[TimeControl "1800+10"]

1. d4 d5 2. Bf4 Nc6 3. e3 e6 4. Nf3 Nf6 5. Bb5 Bd7 6. c4 a6 7. cxd5 Nxd5 8.
Bxc6 Bxc6 9. Bg5 Be7 10. Bxe7 Qxe7 11. O-O O-O 12. Nc3 Nb6 13. Ne5 Rad8 14.
Nxc6 bxc6 15. Ne4 e5 16. Qc2 exd4 17. exd4 Rxd4 18. Rfe1 Rc4 19. Qe2 f5 20.
Nc3 Qf7 21. Rad1 Rg4 22. h3 Rg6 23. Qxa6 f4 24. f3 Nc4 25. Re2 Ne3 26. Rdd2
Nc4 {Game drawn by mutual agreement} 1/2-1/2

[Event "ICC tourney 2966 (30 10)"]
[Site "Internet Chess Club"]
[Date "2022.07.23"]
[Round "1"]
[White "BRUDNO, STEPHEN:StevChess01"]
[Black "Wagner, Joe:Jwagner354"]
[Result "1-0"]
[ICCResult "Black resigns"]
[WhiteElo "1438"]
[BlackElo "706"]
[Opening "Pirc defense"]
[ECO "B07"]
[NIC "PU.08"]
[Time "12:00:15"]
[PlyCount "51"]
[TimeControl "1800+10"]

1. d4 d6 2. e4 Nf6 3. f3 g6 4. c4 c6 5. Nc3 Bg7 6. Be3 a6 7. c5 d5 8. e5
Nfd7 9. f4 b5 10. a3 O-O 11. Nf3 f6 12. e6 Nb6 13. cxb6 Qxb6 14. Bd3 Bxe6
15. b4 Nd7 16. O-O Bg4 17. Be2 Bxf3 18. Bxf3 Qc7 19. Nxd5 Qd6 20. Nc3 e5 21.
dxe5 Qe6 22. Rc1 fxe5 23. Bg4 Qe7 24. Qxd7 Qxd7 25. Bxd7 Rfd8 26. Bxc6
{Black resigns}
1-0

[Event "ICC tourney 2966 (30 10)"]
[Site "Internet Chess Club"]
[Date "2022.07.23"]
[Round "1"]
[White "Jiang, Zen:zenjiang"]
[Black "LAUSER, JESSICA T:Shakhmatova"]
[Result "1-0"]
[ICCResult "Black resigns"]
[WhiteElo "748"]
[BlackElo "1532"]
[Opening "QP counter-gambit (elephant gambit)"]
[ECO "C40"]
[NIC "KP.10"]
[Time "12:00:25"]
[PlyCount "83"]
[TimeControl "1800+10"]

1. e4 e5 2. Nf3 d5 3. exd5 e4 4. Nd4 Qxd5 5. c3 Nf6 6. d3 exd3 7. Bxd3 Qxg2
8. Rf1 Bg4 9. f3 Bh5 10. Bf4 Be7 11. Qe2 Qh3 12. Nf5 Nc6 13. Nd2 O-O-O 14.
Nxe7+ Nxe7 15. O-O-O Ned5 16. Bg3 Rhe8 17. Qf2 Ne3 18. Ne4 Nxe4 19. Qxe3
Nxg3 20. Qxa7 c6 21. Ba6 Ne2+ 22. Kb1 Qf5+ 23. Ka1 Rd7 24. Qa8+ Kc7 25.
Qxb7+ Kd8 26. Qxc6 Bxf3 27. Rxd7+ Qxd7 28. Qxd7+ Kxd7 29. Rxf3 Nd4 30. Rxf7+
Kc6 31. Rf1 Nc2+ 32. Kb1 Ne3 33. Rc1 Rd8 34. Re1 Nf5 35. a4 Rd2 36. Bb5+ Kd6
37. a5 Rxh2 38. a6 Kc7 39. Re8 Nd6 40. a7 Nxe8 41. a8=Q Nf6 42. Qc6+
{Black resigns}
1-0

[Event "ICC tourney 2966 (30 10)"]
[Site "Internet Chess Club"]
[Date "2022.07.23"]
[Round "1"]
[White "MADALA, MANASVI:Manasvimadala"]
[Black "PUGH, RICHARD:rpughiii"]
[Result "1-0"]
[ICCResult "Black resigns"]
[WhiteElo "691"]
[BlackElo "1397"]
[Opening "Queen's Pawn"]
[ECO "A41"]
[NIC "QO.17"]
[Time "12:01:05"]
[PlyCount "42"]
[TimeControl "1800+10"]

1. d4 d6 2. Bf4 Nf6 3. e3 Bg4 4. Nf3 e6 5. Bd3 c6 6. Nbd2 Nbd7 7. c3 e5 8.
Bg3 Qe7 9. Qc2 g6 10. Bh4 d5 11. Bxf6 Qxf6 12. dxe5 Nxe5 13. Nxe5 Qxe5 14.
Nb3 c5 15. Be2 Bf5 16. Qd2 O-O-O 17. Bf3 Kb8 18. O-O b6 19. Rad1 Bh6 20. Qe2
c4 21. Nd4 Bd3 {Black resigns} 1-0

[Event "ICC tourney 2966 (30 10)"]
[Site "Internet Chess Club"]
[Date "2022.07.23"]
[Round "1"]
[White "GEVORGYAN, DAVIT:Davo29"]
[Black "WENG, JOHNSON:K01-30136161"]
[Result "1-0"]
[ICCResult "Black checkmated"]
[WhiteElo "1644"]
[BlackElo "1226"]
[Opening "Owen defense"]
[ECO "B00"]
[NIC "VO.01"]
[Time "12:00:17"]
[PlyCount "93"]
[TimeControl "1800+10"]

1. e4 b6 2. d4 Bb7 3. Nc3 e6 4. Nf3 Bb4 5. Bd3 Nf6 6. e5 Nd5 7. Bd2 Nxc3 8.
Bxc3 Bxc3+ 9. bxc3 d5 10. O-O Nd7 11. Ne1 O-O 12. f4 c5 13. Qh5 g6 14. Qh6
c4 15. Nf3 f5 16. Be2 Qe7 17. Ng5 Rae8 18. g4 Qg7 19. Qh3 h6 20. Nf3 g5 21.
fxg5 hxg5 22. Qh5 fxg4 23. Nxg5 Rxf1+ 24. Rxf1 Re7 25. Bxg4 Bc6 26. Kh1 Qh8
27. Bxe6+ Kg7 28. Rf7+ Rxf7 29. Qxf7+ Kh6 30. Bxd7 Bxd7 31. Qxd7 Kxg5 32.
Qe7+ Kf4 33. Qf6+ Qxf6 34. exf6 Ke3 35. f7 Kd2 36. f8=Q Kxc3 37. Qa3+ Kxd4
38. h4 a5 39. h5 b5 40. Qxa5 Ke3 41. Qc3+ Ke2 42. h6 Kd1 43. h7 Kc1 44. h8=Q
Kd1 45. Qhd4+ Ke2 46. Qde3+ Kf1 47. Qce1# {Black checkmated} 1-0

[Event "ICC tourney 2966 (30 10)"]
[Site "Internet Chess Club"]
[Date "2022.07.23"]
[Round "1"]
[White "SHAH-GUSTAFSSON, LINNEA:Saga44"]
[Black "RAJ, ADITYA:SunKing007"]
[Result "0-1"]
[ICCResult "White resigns"]
[WhiteElo "1067"]
[BlackElo "1583"]
[Opening "Scandinavian (center counter) defense"]
[ECO "B01"]
[NIC "SD.01"]
[Time "12:01:05"]
[PlyCount "110"]
[TimeControl "1800+10"]

1. e4 d5 2. exd5 Qxd5 3. Nc3 Qa5 4. d4 Nf6 5. Nf3 c6 6. Bc4 Bf5 7. Bd2 e6 8.
Ne4 Qd8 9. Nxf6+ Qxf6 10. Ne5 Bd6 11. Bf4 O-O 12. O-O Bxe5 13. Bxe5 Qg6 14.
Bb3 Nd7 15. Bg3 Nf6 16. Kh1 Rad8 17. c3 c5 18. Rc1 cxd4 19. cxd4 Bd3 20. Bc2
Bxc2 21. Rxc2 Rxd4 22. Qxd4 Qxc2 23. Qb4 Qc6 24. Rd1 Rc8 25. Qd4 h6 26. Qxa7
Ne4 27. Qd4 Qc2 28. h3 Nxg3+ 29. fxg3 Qe2 30. Qd2 Qe4 31. Qd3 Qe5 32. Qb3 b5
33. Kh2 Qe2 34. Qd3 Qxb2 35. Rb1 Qxa2 36. Rxb5 Qc4 37. Qb1 Qc2 38. Qf1 Qg6
39. Qf3 Rd8 40. Rb7 e5 41. Qc3 Re8 42. Qc7 e4 43. Qd7 Qe6 44. Qd2 Qf5 45.
Qe3 Qg5 46. Qxg5 hxg5 47. Rb2 f5 48. Re2 Kf7 49. h4 Rh8 50. Kh3 g4+ 51. Kh2
g5 52. Rf2 Ke6 53. Re2 Ke5 54. Kg1 gxh4 55. gxh4 g3 {White resigns} 0-1

[Event "ICC tourney 2966 (30 10)"]
[Site "Internet Chess Club"]
[Date "2022.07.23"]
[Round "1"]
[White "QIAO, RICHARDSON JINGSI:Richardsonqiao"]
[Black "GRIFFIN, MILES NATHANIEL:Vectarious"]
[Result "0-1"]
[ICCResult "White checkmated"]
[WhiteElo "1269"]
[BlackElo "1648"]
[Opening "Queen's pawn: London system"]
[ECO "A45"]
[NIC "QP.07"]
[Time "12:00:13"]
[PlyCount "134"]
[TimeControl "1800+10"]

1. d4 Nf6 2. Bf4 d5 3. e3 Bf5 4. Nf3 e6 5. c3 c6 6. Bd3 Bxd3 7. Qxd3 Bd6 8.
Bg3 Ne4 9. Nbd2 Nxg3 10. hxg3 h6 11. e4 dxe4 12. Nxe4 Be7 13. Ne5 Nd7 14.
Nxd7 Qxd7 15. Nd2 O-O-O 16. Nf3 Bf6 17. O-O-O e5 18. Qc2 exd4 19. Nxd4 Qd5
20. Qf5+ Qxf5 21. Nxf5 Kc7 22. Rhe1 g6 23. Ne3 h5 24. Kc2 Rhe8 25. f4 b5 26.
g4 Bh4 27. Re2 hxg4 28. Rxd8 Bxd8 29. Nd5+ Kd7 30. Rxe8 Kxe8 31. Nb4 Kd7 32.
g3 Bb6 33. Nd3 f6 34. b4 Ke6 35. Kd2 Kd5 36. a3 Bg1 37. Ke2 Kc4 38. Kd2 Bh2
39. Nf2 f5 40. Nh1 Bg1 41. Kc2 Bb6 42. Kd2 Kb3 43. Kd3 a6 44. Kd2 Kxa3 45.
Kc2 Ka4 46. Kb2 Bg1 47. Ka2 c5 48. bxc5 Bxc5 49. Kb2 b4 50. cxb4 Kxb4 51.
Ka2 a5 52. Kb2 a4 53. Ka2 a3 54. Kb1 Kb3 55. Kc1 Be3+ 56. Kd1 a2 57. Ke2 Ba7
58. Nf2 Bxf2 59. Kxf2 a1=Q 60. Ke3 Qc3+ 61. Kf2 Qd2+ 62. Kg1 Kc3 63. Kf1 Kd3
64. Kg1 Ke3 65. Kh1 Kf3 66. Kg1 Qe2 67. Kh1 Qg2# {White checkmated} 0-1

[Event "ICC tourney 2966 (30 10)"]
[Site "Internet Chess Club"]
[Date "2022.07.23"]
[Round "1"]
[White "Anthony, Joseph:ajk170378"]
[Black "Agahian, Ryan:AgahianR"]
[Result "1-0"]
[ICCResult "Black checkmated"]
[WhiteElo "1599"]
[BlackElo "1124"]
[Opening "English opening"]
[ECO "A20"]
[NIC "EO.24"]
[Time "12:10:02"]
[PlyCount "155"]
[TimeControl "1800+10"]

1. c4 e5 2. g3 Nf6 3. Bg2 Be7 4. Nc3 d6 5. e4 Nc6 6. Nge2 Be6 7. d3 Qd7 8.
O-O Bh3 9. Be3 Bxg2 10. Kxg2 O-O 11. Nd5 Nxd5 12. cxd5 Nd8 13. Rc1 c6 14.
Qa4 b5 15. dxc6 Qc7 16. Qxb5 Rb8 17. Qa4 a5 18. b3 Rb4 19. Qa3 d5 20. exd5
Rb5 21. Qb2 Rxd5 22. Nc3 Qxc6 23. Nxd5 Qxd5+ 24. Kg1 Ne6 25. Rfd1 Rb8 26.
Qc2 h6 27. Qc4 Qf3 28. Qe4 Qh5 29. f4 Ba3 30. Rb1 exf4 31. Bxf4 Rb4 32. Qa8+
Kh7 33. Bd6 Rh4 34. gxh4 Bxd6 35. Qe4+ g6 36. Rf1 Kg7 37. Qf3 Qc5+ 38. Kh1
Qc7 39. Rbc1 Qd7 40. Qf6+ Kg8 41. Rc2 Qb7+ 42. Rf3 Nd4 43. Rf2 Nxf3 44. Qxf3
Qc7 45. h5 g5 46. Re2 Qc1+ 47. Kg2 Qc7 48. h4 Bf4 49. hxg5 hxg5 50. h6 Kh7
51. Re1 Qc2+ 52. Qe2 Qc6+ 53. Qe4+ Qxe4+ 54. Rxe4 Kxh6 55. Rxf4 gxf4 56. Kf3
Kg5 57. d4 Kf5 58. a3 Ke6 59. Kxf4 Kd5 60. Ke3 f5 61. Kd3 f4 62. b4 axb4 63.
axb4 f3 64. b5 Kd6 65. Ke3 Kc7 66. Kxf3 Kb6 67. Ke4 Kxb5 68. Kd5 Kb6 69. Kd6
Kb7 70. d5 Kc8 71. Ke7 Kc7 72. d6+ Kc6 73. d7 Kb7 74. d8=Q Kc6 75. Ke6 Kb7
76. Kd6 Ka7 77. Kc6 Ka6 78. Qb6# {Black checkmated} 1-0

[Event "ICC tourney 2966 (30 10)"]
[Site "Internet Chess Club"]
[Date "2022.07.23"]
[Round "2"]
[White "Jiang, Zen:zenjiang"]
[Black "GEVORGYAN, DAVIT:Davo29"]
[Result "0-1"]
[ICCResult "White checkmated"]
[WhiteElo "748"]
[BlackElo "1644"]
[Opening "Caro-Kann: exchange variation"]
[ECO "B13"]
[NIC "CK.02"]
[Time "14:00:16"]
[PlyCount "72"]
[TimeControl "1800+10"]

1. e4 c6 2. d4 d5 3. exd5 cxd5 4. Bd3 Nc6 5. c3 Nf6 6. h3 g6 7. Nf3 Bf5 8.
Bf4 Bxd3 9. Qxd3 Bg7 10. Nbd2 O-O 11. O-O e6 12. Nb3 Nd7 13. Qd2 b5 14. Bh6
a5 15. Bxg7 Kxg7 16. Rfe1 b4 17. Rab1 Rc8 18. a3 bxa3 19. bxa3 a4 20. Nc1
Nb6 21. Nd3 Nc4 22. Qa2 Qe7 23. Nc5 N6a5 24. Nxa4 Qxa3 25. Qxa3 Nxa3 26. Rb3
Nxb3 27. Rb1 Na5 28. Rb3 Nxb3 29. Nb2 Rxc3 30. Nd1 Rc1 31. Kh2 Rxd1 32. Nh4
Nd2 33. g3 Rc8 34. Kg2 Rcc1 35. Kh2 Rh1+ 36. Kg2 Rcg1# {White checkmated}
0-1

[Event "ICC tourney 2966 (30 10)"]
[Site "Internet Chess Club"]
[Date "2022.07.23"]
[Round "2"]
[White "HUANG, BRIAN:Checkmater2228"]
[Black "DATTA, GAURAV D:Geebz76"]
[Result "0-1"]
[ICCResult "White checkmated"]
[WhiteElo "803"]
[BlackElo "1317"]
[Opening "French: exchange variation"]
[ECO "C01"]
[NIC "FR.01"]
[Time "14:00:16"]
[PlyCount "104"]
[TimeControl "1800+10"]

1. e4 e6 2. d4 d5 3. exd5 exd5 4. Bd3 Nc6 5. c3 Bd6 6. Nf3 Qf6 7. O-O Nge7
8. Bg5 Qe6 9. Re1 Qd7 10. Bxe7 Nxe7 11. Nbd2 O-O 12. Qc2 h6 13. c4 c6 14.
cxd5 Nxd5 15. a3 Qg4 16. h3 Qf4 17. Re4 Qf6 18. Rae1 Nf4 19. Re8 Bxh3 20.
Rxf8+ Rxf8 21. gxh3 Nxh3+ 22. Kf1 g5 23. Ke2 Re8+ 24. Kd1 Nxf2+ 25. Kc1
Rxe1+ 26. Nxe1 Nxd3+ 27. Nxd3 Qxd4 28. Kd1 Qg4+ 29. Ke1 Bg3+ 30. Nf2 Bxf2+
31. Kxf2 Qf4+ 32. Kg2 h5 33. Qc4 Qxc4 34. Nxc4 Kg7 35. Ne3 Kg6 36. Kg3 f5
37. Ng2 h4+ 38. Kh2 Kh5 39. Kg1 f4 40. Kf2 Kg4 41. Ne1 h3 42. Kg1 Kg3 43.
Nd3 h2+ 44. Kh1 f3 45. b4 f2 46. Nxf2 Kxf2 47. Kxh2 g4 48. a4 g3+ 49. Kh1
g2+ 50. Kh2 g1=Q+ 51. Kh3 Kf3 52. Kh4 Qg4# {White checkmated} 0-1

[Event "ICC tourney 2966 (30 10)"]
[Site "Internet Chess Club"]
[Date "2022.07.23"]
[Round "2"]
[White "BRUDNO, STEPHEN:StevChess01"]
[Black "Doan Giang, Nguyen Doan:Doctorstrange04"]
[Result "0-1"]
[ICCResult "White resigns"]
[WhiteElo "1438"]
[BlackElo "1750"]
[Opening "Benkö gambit half accepted"]
[ECO "A57"]
[NIC "BI.45"]
[Time "14:00:15"]
[PlyCount "88"]
[TimeControl "1800+10"]

1. d4 Nf6 2. c4 c5 3. d5 b5 4. cxb5 a6 5. f3 axb5 6. e4 d6 7. Bxb5+ Nbd7 8.
Nc3 Ba6 9. Bxa6 Rxa6 10. f4 g6 11. Nf3 Bg7 12. e5 dxe5 13. fxe5 Ng4 14. Qe2
Qb6 15. h3 Ngxe5 16. Nxe5 Bxe5 17. O-O O-O 18. Kh1 Re8 19. Qf3 Nf6 20. Qe2
Bxc3 21. bxc3 Nxd5 22. Qc4 Qc6 23. Bg5 Ra4 24. Qb3 c4 25. Qc2 Ra3 26. Qe4
Rxc3 27. Rad1 Nb4 28. Qxc6 Nxc6 29. Rc1 Rxc1 30. Rxc1 Na5 31. Bd2 Ra8 32.
Rc3 Rd8 33. Bf4 Rd3 34. Rc2 f6 35. Bc7 Ra3 36. Kg1 Kf7 37. Kf2 c3 38. Ke2
Nc6 39. Bb6 Nb4 40. Rc1 Rxa2+ 41. Kf3 c2 42. Ke2 Rb2 43. Kd2 Na2 44. Rxc2
Rxb6 {White resigns} 0-1

[Event "ICC tourney 2966 (30 10)"]
[Site "Internet Chess Club"]
[Date "2022.07.23"]
[Round "2"]
[White "ZHAO, DANSON:K01-30127679"]
[Black "WU, DARREN:chessboy111"]
[Result "1/2-1/2"]
[ICCResult "Game drawn by mutual agreement"]
[WhiteElo "1273"]
[BlackElo "1246"]
[Opening "Giuoco Pianissimo: Italian four knights variation"]
[ECO "C50"]
[NIC "IG.02"]
[Time "14:00:47"]
[PlyCount "107"]
[TimeControl "1800+10"]

1. e4 e5 2. Nf3 Nc6 3. Bc4 Bc5 4. Nc3 Nf6 5. d3 h6 6. h3 d6 7. O-O O-O 8. a3
a6 9. Re1 Be6 10. Nd5 Bxd5 11. Bxd5 Nxd5 12. exd5 Nd4 13. Nxd4 Bxd4 14. c3
Ba7 15. Qg4 f5 16. Qf3 Qd7 17. Be3 Bxe3 18. fxe3 Rae8 19. e4 fxe4 20. Qxe4
Rf4 21. Qe2 Qf5 22. Rf1 e4 23. Rxf4 Qxf4 24. Rf1 Qe5 25. dxe4 Qxe4 26. Qxe4
Rxe4 27. Rf2 Re5 28. Rd2 Kf7 29. Kf2 Kf6 30. Rd3 Rf5+ 31. Kg3 Rf1 32. Re3
Rd1 33. c4 b5 34. cxb5 axb5 35. Rc3 Rxd5 36. Rxc7 Rd2 37. b4 Rd3+ 38. Kh2
Rxa3 39. Rb7 Rb3 40. Rxb5 d5 41. Rxd5 Rxb4 42. Rd6+ Ke5 43. Rg6 Rb7 44. Rg3
g5 45. Re3+ Kd4 46. Re6 h5 47. Rg6 Rb5 48. Rh6 h4 49. Rd6+ Ke5 50. Rd3 Kf4
51. Rf3+ Ke4 52. Rf2 Rf5 53. Re2+ Kd3 54. Re8 {Game drawn by mutual
agreement} 1/2-1/2

[Event "ICC tourney 2966 (30 10)"]
[Site "Internet Chess Club"]
[Date "2022.07.23"]
[Round "2"]
[White "MALAKAR, SAARTHAK:iamvoltu"]
[Black "MADALA, MANASVI:Manasvimadala"]
[Result "1-0"]
[ICCResult "Black checkmated"]
[WhiteElo "1631"]
[BlackElo "691"]
[Opening "Queen's bishop game"]
[ECO "D02"]
[NIC "QP.08"]
[Time "14:00:40"]
[PlyCount "63"]
[TimeControl "1800+10"]

1. d4 d5 2. Nf3 Nf6 3. Bf4 e6 4. e3 Bd6 5. Bg3 Nc6 6. Bd3 O-O 7. c3 Ne7 8.
Nbd2 c5 9. O-O c4 10. Bc2 Nc6 11. e4 Bxg3 12. hxg3 dxe4 13. Nxe4 Re8 14. Qe2
Bd7 15. Qxc4 Nxe4 16. Bxe4 a6 17. Qe2 Rb8 18. Rfd1 Qb6 19. Ne5 Nxe5 20. dxe5
Bb5 21. c4 Bc6 22. b3 Qc7 23. Rd2 Qxe5 24. Bxh7+ Kxh7 25. Qxe5 Kg8 26. g4 f6
27. Qg3 Kf7 28. Rad1 Rh8 29. g5 Rbg8 30. g6+ Ke7 31. Qd6+ Ke8 32. Qd8#
{Black checkmated}
1-0

[Event "ICC tourney 2966 (30 10)"]
[Site "Internet Chess Club"]
[Date "2022.07.23"]
[Round "2"]
[White "McRoberts, Holly J:QueenHM"]
[Black "Agahian, Ryan:AgahianR"]
[Result "0-1"]
[ICCResult "White checkmated"]
[WhiteElo "1355"]
[BlackElo "1124"]
[Opening "Sicilian: Smith-Morra gambit"]
[ECO "B21"]
[NIC "SI.48"]
[Time "14:00:48"]
[PlyCount "138"]
[TimeControl "1800+10"]

1. e4 c5 2. d4 cxd4 3. c3 dxc3 4. Nxc3 g6 5. f4 Bg7 6. e5 f6 7. Nf3 fxe5 8.
fxe5 Nc6 9. Bc4 e6 10. O-O Nge7 11. Bg5 a6 12. Ne4 Qb6+ 13. Kh1 d5 14. Nd6+
Kd7 15. Bxe7 Nxe7 16. Qa4+ Nc6 17. Ng5 Bxe5 18. Ndf7 Qd4 19. Nxe5+ Qxe5 20.
Nf7 Qxb2 21. Rab1 Qg7 22. Nxh8 Qxh8 23. Rf7+ Ke8 24. Rbf1 dxc4 25. Qxc4 Qd4
26. Rf8+ Kd7 27. R1f7+ Kd6 28. Qxd4+ Nxd4 29. Rd8+ Ke5 30. h4 b5 31. Rxh7
Bb7 32. Rxa8 Bxa8 33. h5 gxh5 34. Rxh5+ Kf4 35. Kg1 Bd5 36. a3 e5 37. Kf2
Ke4 38. g4 Nc2 39. g5 Nxa3 40. Rh4+ Kf5 41. Rh3 Nc4 42. Rg3 Kg6 43. Ke2 Nd6
44. Ra3 Bb7 45. Rg3 Ne4 46. Rg4 Nxg5 47. Ke3 Kf5 48. Rh4 a5 49. Rh6 Bd5 50.
Ra6 a4 51. Rd6 Be6 52. Rb6 Bc4 53. Rb8 Ne6 54. Kd2 Ke4 55. Kc3 Nd4 56. Rh8
a3 57. Ra8 a2 58. Ra5 Ke3 59. Kb2 Kd2 60. Ra8 e4 61. Rd8 Kd3 62. Rh8 e3 63.
Rh3 Nc2 64. Rh1 a1=Q+ 65. Rxa1 Nxa1 66. Kc1 e2 67. Kb1 e1=Q+ 68. Kb2 Qd2+
69. Ka3 Qc3# {White checkmated} 0-1

[Event "ICC tourney 2966 (30 10)"]
[Site "Internet Chess Club"]
[Date "2022.07.23"]
[Round "2"]
[White "GRIFFIN, MILES NATHANIEL:Vectarious"]
[Black "Ledas, Armandas:ArmandasLedas"]
[Result "1-0"]
[ICCResult "Black checkmated"]
[WhiteElo "1648"]
[BlackElo "1358"]
[Opening "Ruy Lopez: Berlin defense"]
[ECO "C65"]
[NIC "RL.07"]
[Time "14:00:14"]
[PlyCount "63"]
[TimeControl "1800+10"]

1. e4 e5 2. Nf3 Nc6 3. Bb5 Nf6 4. Qe2 d6 5. c3 a6 6. Ba4 b5 7. Bc2 Bg4 8.
O-O Be7 9. h3 Bh5 10. a3 Qd7 11. Rd1 O-O 12. d4 Bg6 13. dxe5 Ne8 14. exd6
cxd6 15. Nbd2 Nc7 16. Nf1 Ne6 17. Be3 Qc7 18. Rac1 Nc5 19. Ng3 Rfe8 20. Nd4
Ne5 21. f4 Nc4 22. f5 d5 23. fxg6 Qxg3 24. gxf7+ Kxf7 25. Rf1+ Kg8 26. Nf5
Qc7 27. Bd4 Nxe4 28. Bxe4 dxe4 29. Qg4 Bc5 30. Nh6+ Kh8 31. Nf7+ Kg8 32.
Qxg7# {Black checkmated} 1-0

[Event "ICC tourney 2966 (30 10)"]
[Site "Internet Chess Club"]
[Date "2022.07.23"]
[Round "2"]
[White "Johns, Timothy Wesley:nishanth600"]
[Black "Anh, Phuc:Phucanhfananime"]
[Result "0-1"]
[ICCResult "White resigns"]
[WhiteElo "647"]
[BlackElo "1712"]
[Opening "Sicilian: accelerated fianchetto, modern variation"]
[ECO "B34"]
[NIC "SI.33"]
[Time "14:00:14"]
[PlyCount "114"]
[TimeControl "1800+10"]

1. e4 c5 2. Nf3 Nc6 3. d4 cxd4 4. Nxd4 g6 5. Nc3 Bg7 6. Be3 Nf6 7. Be2 O-O
8. O-O d5 9. Nxc6 bxc6 10. exd5 cxd5 11. Bf3 Ba6 12. Re1 e6 13. Bd4 Nd7 14.
Bxg7 Kxg7 15. Qd4+ Qf6 16. Qa4 Nc5 17. Qa5 Rfc8 18. Rad1 Rab8 19. Qa3 Bc4
20. Be2 Rb6 21. Bxc4 dxc4 22. Re3 Ra6 23. Qb4 Rb6 24. Qxc4 Rxb2 25. Na4 Rb7
26. Nxc5 Rbc7 27. Rxe6 Rxc5 28. Qxc5 Rxc5 29. Rxf6 Kxf6 30. Rc1 Rc7 31. Kf1
Ke5 32. Ke2 Kd4 33. Kd2 Kc4 34. c3 Rd7+ 35. Kc2 Rd3 36. Kb2 a5 37. a4 f5 38.
f4 h6 39. g3 Rd6 40. Rc2 Rb6+ 41. Ka3 Rb3+ 42. Ka2 Rxc3 43. Rxc3+ Kxc3 44.
Ka3 h5 45. h3 Kc4 46. h4 Kc3 47. Ka2 Kb4 48. Kb2 Kxa4 49. Kc3 Kb5 50. Kd4 a4
51. Ke5 a3 52. Kf6 a2 53. Kxg6 a1=Q 54. Kxh5 Qf6 55. g4 fxg4 56. Kxg4 Kc4
57. h5 Kd4 {White resigns} 0-1

[Event "ICC tourney 2966 (30 10)"]
[Site "Internet Chess Club"]
[Date "2022.07.23"]
[Round "2"]
[White "GUTIERREZ, AUGUSTO E:elytito2017"]
[Black "CORBIT, WILL:wcorbit1"]
[Result "1-0"]
[ICCResult "Black resigns"]
[WhiteElo "1715"]
[BlackElo "1378"]
[Opening "Sicilian: Canal-Sokolsky attack, Sokolsky variation"]
[ECO "B52"]
[NIC "SI.01"]
[Time "14:00:47"]
[PlyCount "127"]
[TimeControl "1800+10"]

1. e4 c5 2. Nf3 d6 3. Bb5+ Bd7 4. Bxd7+ Qxd7 5. c4 Nc6 6. d4 cxd4 7. Nxd4
Nf6 8. Nc3 g6 9. b3 Bg7 10. Bb2 O-O 11. O-O a6 12. Re1 Qc7 13. Nd5 Qd8 14.
Nxf6+ Bxf6 15. Nxc6 bxc6 16. Bxf6 exf6 17. Qd3 Qe7 18. Rad1 Rfd8 19. Qf3 Qe5
20. h3 a5 21. a4 Rab8 22. Re3 Kg7 23. Red3 Rb7 24. g3 h5 25. h4 Rdb8 26. Kg2
Qb2 27. R1d2 Qe5 28. Qe3 f5 29. exf5 Qxf5 30. Qd4+ Kh7 31. Qxd6 Rxb3 32.
Rxb3 Rxb3 33. Qxc6 Rb1 34. Qd5 Rb4 35. Qxf5 gxf5 36. Rc2 Rxa4 37. c5 Rb4 38.
c6 Rb8 39. c7 Rc8 40. Kf3 Kg6 41. Rc6+ f6 42. Ke3 a4 43. Kd4 a3 44. Kc3 a2
45. Kb2 Ra8 46. Ka1 Rc8 47. Kxa2 f4 48. Kb3 Kf5 49. Kc4 fxg3 50. fxg3 Kg4
51. Kd5 Kxg3 52. Ke6 Kxh4 53. Kd7 Rxc7+ 54. Rxc7 Kg3 55. Ke6 h4 56. Kf5 h3
57. Rg7+ Kf2 58. Kf4 h2 59. Rh7 Kg1 60. Rg7+ Kf2 61. Ra7 h1=Q 62. Ra2+ Kg1
63. Kg3 Qh4+ 64. Kxh4 {Black resigns} 1-0